 Dungeon Crawl Stone Soup version 0.30-a0-310-g7d6cbdfea6 (webtiles) character file.

Game seed: 4443119367922293205

109 lunkers the Insei (level 5, 0/40 HPs)
             Began as a Meteoran Transmuter on Oct 24, 2022.
             Slain by an adder (2 damage)
             ... on level 4 of the Dungeon.
             The game lasted 00:03:07 (1241 turns).

lunkers the Insei (Meteoran Transmuter)             Turns: 1241, Time: 00:03:07

Health: 0/40       AC:  2    Str: 11    XL:     5   Next: 36%
Magic:  6/10       EV: 20    Int: 17    God:
Gold:   118        SH:  0    Dex: 19    Spells: 3/9 levels left

rFire   . . .      SeeInvis .      - Unarmed
rCold   . . .      Faith    .    (shield currently unavailable)
rNeg    . . .      Spirit   .    (body armour currently unavailable)
rPois   x          Reflect  .    (helmet currently unavailable)
rElec   .          Harm     .    (cloak currently unavailable)
rCorr   .          Rampage  .    (gloves currently unavailable)
Will    .....                    (boots currently unavailable)
Stlth   +.........               (no amulet)
HPRegen 0.26/turn                (no ring)
MPRegen 0.12/turn                (no ring)

@: lethally poisoned (0 -> -7), spider-form, glowing
A: venomous fangs, tiny, sense surroundings 1, otherworldly, glowing, explore
regen
a: End Transformation


You were on level 4 of the Dungeon.
You were a venomous arachnid creature.
You visited 1 branch of the dungeon, and saw 4 of its levels.

You collected 118 gold pieces.

Inventory:

Armour
 a - a +0 robe (melded)
 m - an orb of mayhem
 o - a +0 pair of gloves (melded)
Jewellery
 f - a +6 ring of intelligence
Scrolls
 c - a scroll of teleportation {unknown}
 d - a scroll of vulnerability {unknown}
 e - a scroll of enchant weapon {unknown}
 g - a scroll of immolation {unknown}
 l - 2 scrolls of blinking {unknown}
Potions
 b - a potion of lignification
 h - a potion of invisibility {unknown}
 i - 2 potions of curing
 j - 2 potions of flight
 n - a potion of mutation {unknown}
 p - a potion of brilliance {unknown}
 q - 2 potions of haste {unknown}


   Skills:
 - Level 1.1 Fighting
 - Level 2.4 Dodging
 + Level 5.3 Unarmed Combat
 - Level 2.6 Spellcasting
 + Level 4.4 Transmutations


You had 3 spell levels left.
You knew the following spells:

 Your Spells              Type           Power      Damage    Failure   Level
b - Wereblood             Tmut           17%        N/A       13%         2
c - Spider Form           Tmut/Pois      9%         N/A       43%         3
p - Beastly Appendage     Tmut           34%        N/A       11%         1

Your spell library contained the following spells:

 Spells                   Type           Power      Damage    Failure   Level
 Ice Form                 Ice/Tmut       9%         N/A       78%         4


Dungeon Overview and Level Annotations

Branches:
Dungeon (4/15) Zot: 1170
 Temple: D:4-7

Altars:
Okawaru
Xom

Shops:
D:2 [


Innate Abilities, Weirdness & Mutations

You are a venomous arachnid creature.
You have poisonous fangs.
You are tiny and dextrous.
Your spellcasting is less reliable in this form.
Your armour is entirely melded.
You are incapable of wielding weapons or throwing items.
You passively map a small area around you.
You are easily found by Zot.
You glow in the dark.
You regain HP and MP as you explore.


Message History

You barely miss the adder. Your kick misses the adder.
Your headbutt misses the adder.
The adder is moderately wounded.
You feel sick. The adder closely misses you.
You completely miss the adder.
The adder is moderately wounded.
You feel sick. The adder bites you but does no damage. The adder misses you.
You hit the adder. You claw the adder, but do no damage.
You headbutt the adder.
The adder is almost dead.
You feel sick. The adder bites you.
* * * LOW HITPOINT WARNING * * *
You are more poisoned.
The adder poisons you!
You hit the adder.
You kill the adder!
You feel sick.
You feel sick.
You see here an adder corpse.
An adder comes into view.
You feel sick.
Casting: Beastly Appendage (safe; 3% risk of failure)
Confirm with . or Enter, or press ? or * to list all spells.
The spell is quite dangerous to miscast (22% risk of failure)!
Continue anyway?
Your horns disappear.
Your talons disappear.
You turn into a venomous arachnid creature.
Your +0 pair of gloves melds into your body.
Your +0 robe melds into your body.
You feel sick.
Your magical contamination has completely faded away.
Unknown command.
You feel sick.
You feel sick. The adder closely misses you.
You closely miss the adder.
You feel sick. The adder bites you.
* * * LOW HITPOINT WARNING * * *
You are lethally poisoned!
The adder poisons you!
You hit the adder but do no damage.
The adder is poisoned.
* * * LOW HITPOINT WARNING * * *
You feel sick. The adder bites you.
You die...

#.# ###.# * #.# #.# *
#.# #.# * #.#
#########.# * #.#
#[......#.# # #.#
#.......#.# *##.. * #.#
#.......#.# *....* *
#.###.......#.####..####
....'.......+.†.sS>.?...
, ,
#####.......#.####.#####
#.......#.# *,.. *
#.......#.# , ,..#
#########.# , .# #.# , ,
.. #.# , , . #. , *


You could see an adder (very poisoned).

Vanquished Creatures
  A jelly (D:4)
  3 adders
  2 worms
  A dart slug (D:4)
  2 bats
  2 endoplasms (D:2)
  2 giant cockroaches (D:1)
  4 goblins
  8 hobgoblins
  2 quokkas
  4 ball pythons (D:2)
  A frilled lizard (D:2)
  7 kobolds
  5 rats
44 creatures vanquished.

Notes
Turn   | Place    | Note
-------+----------+-------------------------------------------
     0 | D:1      | lunkers the Meteoran Transmuter began the quest for the
                  | Orb.
     0 | D:1      | Reached XP level 1. HP: 16/16 MP: 5/5
   164 | D:1      | Reached XP level 2. HP: 22/23 MP: 6/6
   170 | D:1      | Learned a level 2 spell: Wereblood
   299 | D:1      | Reached skill level 4 in Unarmed Combat
   397 | D:2      | Reached XP level 3. HP: 28/28 MP: 8/8
   401 | D:2      | Learned a level 3 spell: Spider Form
   630 | D:2      | Found Yramp's Armour Boutique.
   819 | D:2      | Reached XP level 4. HP: 16/35 MP: 7/9
   880 | D:3      | Found a large runed translucent door.
   881 | D:3      | Found a large runed translucent door.
   901 | D:3      | Found a faded altar of an unknown god.
   975 | D:3      | Found an iron altar of Okawaru.
  1058 | D:3      | Found a shimmering altar of Xom.
  1167 | D:4      | Reached skill level 5 in Unarmed Combat
  1167 | D:4      | Reached XP level 5. HP: 19/40 MP: 10/10
  1241 | D:4      | HP: 2/40 [poisoned by an adder]
  1241 | D:4      | Slain by an adder

Illustrated notes

Levels and vault maps discovered:
D:1:      kennysheep_arrival_seaside, layout_basic,
          hangedman_decor_clover_reticule, chequers_jeans, wad_woods_river_04,
          corner_web_ring
D:2:      layout_loops_cross, serial_shops, shop, st_stairs_2
D:3:      due_chaos_kobolds, layout_rooms, okawaru_metal_pillars_1_2,
          serial_shops, nicolae_lakefront_shop,
          shapermc_ecumenical_altar_pompeii, uniq_natasha
D:4:      layout_basic, grunt_temple_overflow_order_and_chaos_2, uniq_ijyb,
          uniq_robin

Skill      XL: |  1  2  3  4 |
---------------+-------------+-----
Unarmed Combat | 4 5 |  5.3
Transmutations | 3 4 |  4.4
Fighting       | |  1.1
Dodging        | |  2.4
Spellcasting   | |  2.6

Action                   |  1- 3 |  4- 6 || total
-------------------------+-------+-------++-------
Melee: Unarmed           |    81 |    56 ||   137
       Kick              |    12 |     2 ||    14
       Headbutt          |     4 |     2 ||     6
       Punch             |     3 |       ||     3
 Cast: Beastly Appendage |    12 |     2 ||    14
       Spider Form       |       |     6 ||     6
  Use: Scroll            |       |     2 ||     2
Armor: Robe              |    24 |     7 ||    31
       Skin              |       |     3 ||     3
Dodge: Dodged            |    47 |    21 ||    68

Table legend: (Time is in decaauts)
 A = Elapsed time spent in this place.
 B = Non-inter-level travel time spent in this place.
 C = Inter-level travel time spent in this place.
 D = Time resting spent in this place.
 E = Time spent auto-exploring this place.
 F = Levels seen in this place.
 G = Mean time per level.
                   A        B        C        D        E       F      G
               +--------+--------+--------+--------+--------+-----+--------+
         Total |   1229 |   1173 |     56 |      0 |    816 |   4 |  307.2 |
       Dungeon |   1229 |   1173 |     56 |      0 |    816 |   4 |  307.2 |
               +--------+--------+--------+--------+--------+-----+--------+

Top non-repeatable levels by time:
     D:2: 470 daAuts
     D:1: 364 daAuts
     D:3: 269 daAuts
     D:4: 124 daAuts
